 Dungeon Crawl Stone Soup version 0.27.1-3-gb3d3a73c9e (webtiles) character file.

Game seed: 17344219086637867266

135 Descartes the Covert (level 4, 0/23 HPs)
             Began as a Spriggan Delver on Oct 18, 2021.
             Slain by an orc priest (7 damage)
             ... on level 1 of the Dungeon.
             The game lasted 00:04:21 (2985 turns).

Descartes the Covert (Spriggan Delver)              Turns: 2985, Time: 00:04:21

Health: 0/23       AC:  4    Str:  9    XL:     4   Next: 96%
Magic:  5/5        EV: 18    Int: 11    God:
Gold:   95         SH:  0    Dex: 16    Spells: 3/3 levels left

rFire    . . .     SeeInvis +   a - +0 short sword
rCold    . . .     Faith    .   (shield restricted)
rNeg     . . .     Spirit   .   b - +0 robe
rPois    .         Reflect  .   (helmet restricted)
rElec    .         Harm     .   h - +1 cloak
rCorr    .         Rampage  .   (gloves unavailable)
Will     .....                  (boots unavailable)
Stlth    ++++......             (no amulet)
HPRegen  0.07/turn              (no ring)
MPRegen  0.09/turn              (no ring)

@: very quick
A: very small, no large weapons, unfitting armour, see invisible, speed 3
a: no special abilities


You were on level 1 of the Dungeon.
You visited 1 branch of the dungeon, and saw 5 of its levels.

You collected 95 gold pieces.

Inventory:

Hand Weapons
 a - a +0 short sword (weapon)
Missiles
 d - 18 sling bullets
 e - 44 stones
 i - 14 poisoned darts (quivered)
 l - 7 boomerangs
Armour
 b - a +0 robe (worn)
 h - a +1 cloak (worn)
Wands
 g - a wand of digging (3)
Scrolls
 c - a scroll of fog
 k - a scroll of teleportation {unknown}
Potions
 f - a potion of haste
 j - a potion of berserk rage {unknown}
 m - a potion of heal wounds {unknown}


   Skills:
 - Level 2.4 Fighting
 + Level 3.4 Short Blades
 + Level 4.1 Dodging
 * Level 9.0 Stealth


You had 3 spell levels left.
You didn't know any spells.
Your spell library was empty.

Dungeon Overview and Level Annotations

Branches:
Dungeon (5/15)
 Temple: D:4-7

Altars:
Sif Muna
Vehumet
Lugonu

Annotations:
D:3 1 transporter
D:5 Grinder


Innate Abilities, Weirdness & Mutations

You are very small and have problems with some larger weapons.
You are too small for most types of armour.
You have supernaturally acute eyesight. (SInv)
You cover ground extremely quickly. (Speed+++)


Message History

You barely miss the orc priest.
The orc priest is moderately wounded.
The orc priest misses you.
You hit the orc priest but do no damage.
The orc priest is moderately wounded.
The orc priest hits you with a +2 vorpal hand axe.
You hit the orc priest but do no damage.
The orc priest is moderately wounded.
The orc priest hits you with a +2 vorpal hand axe.
You are too injured to fight recklessly!
You are too injured to fight recklessly!
You are too injured to fight recklessly!
You are too injured to fight recklessly!
You are too injured to fight recklessly!
You are too injured to fight recklessly!
You are too injured to fight recklessly!
You are too injured to fight recklessly!
You are too injured to fight recklessly!
You are too injured to fight recklessly!
You are too injured to fight recklessly!
You are too injured to fight recklessly!
You are too injured to fight recklessly!
You are too injured to fight recklessly!
There is a stone staircase leading up, spattered with blood here.
You climb upwards.
There is a stone staircase leading down here.
HP restored.
Done exploring.
You climb downwards.
The orc priest mumbles some strange prayers to Beogh against you.
Beogh smites you!
Ouch! That really hurt!
There is a stone staircase leading up, spattered with blood here.
The orc priest completely misses you.
You climb upwards.
There is a stone staircase leading down here.
You hit the orc priest.
The orc priest is moderately wounded.
The orc priest hits you with a +2 vorpal hand axe!
You die...

#......# #......#
#......#
#......#########
#..............#######
.....#...............#
.....#...............#
.....#.........).....#
########
................@....#
#......#
.....#.........o.)...#
#.####.#
.....########.#......#
#.# #.# .....#
#.#......# #.# #.#
.....########.##.#####
#.# #.#
............#.##.# #.#
#.# ###'###.....#.##.#
#.# #.#
#8...8#.....#.##.# #.#
#.# ##.#.##..#..#.##.#
######.# #.#


You could see an orc priest.

Vanquished Creatures
  A jelly (D:5)
  A hound (D:5)
  An adder (D:5)
  A shadow imp (D:5)
  7 orcs
  4 endoplasms
  2 giant cockroaches (D:1)
  2 goblins
  2 hobgoblins
  11 jackals
  A quokka (D:5)
  A ball python (D:2)
  2 bats (D:1)
  4 frilled lizards
  3 kobolds
  4 rats (D:1)
47 creatures vanquished.

Notes
Turn   | Place    | Note
-------+----------+-------------------------------------------
     0 | D:5      | Descartes the Spriggan Delver began the quest for the Orb.
     0 | D:5      | Reached XP level 1. HP: 11/11 MP: 2/2
     4 | D:5      | Found a radiant altar of Vehumet.
    12 | D:5      | Noticed a hound
    20 | D:5      | Killed a hound
    21 | D:5      | Reached skill level 8 in Stealth
    21 | D:5      | Reached XP level 2. HP: 16/16 MP: 3/3
    21 | D:5      | Reached XP level 3. HP: 19/19 MP: 4/4
    50 | D:5      | Noticed Grinder
   143 | D:5      | Noticed an orc warrior
   175 | D:5      | Found a shimmering blue altar of Sif Muna.
   214 | D:5      | Reached XP level 4. HP: 17/23 MP: 5/5
   440 | D:4      | Noticed an ogre
   456 | D:3      | Found a corrupted altar of Lugonu.
   456 | D:3      | Found a large runed translucent door.
   456 | D:3      | Found a large runed translucent door.
   468 | D:3      | Found a transporter.
   582 | D:2      | Noticed a phantom
   741 | D:1      | Found a faded altar of an unknown god.
  2086 | D:1      | Reached skill level 9 in Stealth
  2985 | D:1      | Slain by an orc priest

Illustrated notes

Levels and vault maps discovered:
D:1:      heliophobic_arrival_ceremonial_halls, layout_basic,
          hellmonk_ecumenical_altar_heavens_door, chequers_serial_rivers_large_b
D:2:      layout_loops_ring, basic_altar, minmay_fractal_squares_5
D:3:      due_chaos_kobolds, layout_basic, nicolae_elyvilon_peaceful_grove,
          gammafunk_ghost_mausoleum, minmay_rat_hole, uniq_jessica
D:4:      layout_loops_ring, nrook_mini_backslash
D:5:      layout_basic, mainiacjoe_overflow_catwalk, lemuel_doored_altar,
          uniq_grinder

Skill      XL: |  1  2  3  4 |
---------------+-------------+-----
Dodging        | 3 4 |  4.1
Stealth        | 8 9 |  9.0
Short Blades   | 3 |  3.4
Fighting       | |  2.4

Action                   |  1- 3 |  4- 6 || total
-------------------------+-------+-------++-------
Melee: Short sword       |    23 |   172 ||   195
  Use: Scroll            |       |     3 ||     3
 Stab: Sleeping          |     4 |    17 ||    21
Armor: Robe              |     5 |    19 ||    24
Dodge: Dodged            |    25 |   136 ||   161
